 Dungeon Crawl Stone Soup version 0.28-a0-1638-g9123634e07 (webtiles) character file.

Game seed: 8864858308185090714

2 Shayle the Grasshopper (level 1, -2/16 HPs)
             Began as a Demonspawn Warper on Jan 25, 2022.
             Slain by a jackal (3 damage)
             ... on level 1 of the Dungeon.
             The game lasted 00:01:57 (55 turns).

Shayle the Grasshopper (Demonspawn Warper)            Turns: 55, Time: 00:01:57

Health: -2/16      AC:  3    Str: 11    XL:     1   Next: 33%
Magic:  3/3        EV: 11    Int: 14    God:
Gold:   0          SH:  0    Dex: 12    Spells: 4/4 levels left

rFire   . . .      SeeInvis .     - Unarmed
rCold   . . .      Faith    .   (no shield)
rNeg    . . .      Spirit   .   a - +0 leather armour
rPois   .          Reflect  .   (no helmet)
rElec   .          Harm     .   (no cloak)
rCorr   .          Rampage  .   (no gloves)
Will    .....                   (no boots)
Stlth   +.........              (no amulet)
HPRegen 0.05/turn               (no ring)
MPRegen 0.08/turn               (no ring)

@: attractive, very slow
A: no striking features
a: no special abilities


You were on level 1 of the Dungeon.
You visited 1 branch of the dungeon, and saw 1 of its levels.

Inventory:

Armour
 a - a +0 leather armour (worn)
Potions
 d - a potion of attraction


   Skills:
 - Level 2.0 Fighting
 - Level 0.8 Throwing
 - Level 0.8 Armour
 - Level 1.7 Dodging
 + Level 0.8 Stealth
 - Level 1.7 Unarmed Combat
 - Level 2.0 Spellcasting
 - Level 2.6 Translocations


You had 4 spell levels left.
You didn't know any spells.
Your spell library contained the following spells:

 Spells                   Type           Power      Damage    Failure   Level
 Blink                    Tloc           16%        N/A       16%         2
 Gell's Gravitas          Tloc           8%         N/A       30%         3
 Lesser Beckoning         Tloc           8%         N/A       30%         3
 Teleport Other           Tloc           8%         N/A       30%         3
 Manifold Assault         Tloc           8%         N/A       96%         5


Dungeon Overview and Level Annotations

Branches:
Dungeon (1/15)

Altars:


Message History

The jackal is severely wounded.
The jackal bites you.
Throw: 3 boomerangs (disperse)
Press: ? - help, Q - select action Shift-Dir - straight line, f - jackal
Aim: a jackal (severely wounded, 50% to hit)
You throw a boomerang of dispersal.
The boomerang of dispersal hits the jackal.
The jackal blinks!
You kill the jackal!
The jackal bites you.
* * * LOW HITPOINT WARNING * * *
It was a potion of attraction.
You feel attractive to monsters.
The jackal bites you but does no damage.
Throw: 2 boomerangs (disperse)
Press: ? - help, Q - select action Shift-Dir - straight line, f - jackal
Aim: a jackal (50% to hit)
You throw a boomerang of dispersal.
The boomerang of dispersal closely misses the jackal.
The jackal completely misses you. x2
Throw: boomerang (disperse)
Press: ? - help, Q - select action Shift-Dir - straight line, f/p - jackal
Aim: a jackal (50% to hit)
You throw a boomerang of dispersal.
The boomerang of dispersal hits the jackal.
The jackal blinks!
You kill the jackal!
The jackal bites you.
* * * LOW HITPOINT WARNING * * *
The jackal bites you but does no damage.
Okay, then.
Blink to where?
Press: ? - help, Dir - move target
As you read the scroll of blinking, it crumbles to dust.
The jackal is attracted toward you. x2
The jackal is attracted toward you.
You enter the shallow water.
Moving in this stuff is going to be slow.
The jackal bites you.
You die...

##≈≈≈.≈≈≈##..#
##≈≈≈.P.≈≈≈##.#
##≈≈P..8..P≈≈###
#≈≈≈.......≈≈≈#
#≈P.8..<..8.P≈#
#≈≈≈.......≈≈≈#
##≈≈P..8..P≈≈##
##≈≈≈...≈≈≈##
##≈≈@.h≈≈##
###8h8### ##§.#
##.# #.# #.# #.#
#.# #§#


You could see 2 jackals.

Vanquished Creatures
  2 jackals (D:1)
2 creatures vanquished.

Vanquished Creatures (others)
  A plant (D:1)
1 creature vanquished.

Grand Total: 3 creatures vanquished

Notes
Turn   | Place    | Note
-------+----------+-------------------------------------------
     0 | D:1      | Shayle the Demonspawn Warper began the quest for the Orb.
     0 | D:1      | Reached XP level 1. HP: 16/16 MP: 3/3
    37 | D:1      | Upgraded the game from 0.28-a0-1629-gf728b707aa to
                  | 0.28-a0-1638-g9123634e07
    55 | D:1      | Slain by a jackal

Illustrated notes

Levels and vault maps discovered:
D:1:      lightli_arrival_statuegarden, layout_loops_ring, serial_shops,
          nicolae_shop_crystal, hellmonk_ecumenical_altar_dog_temple

Action                   || total
-------------------------++-------
Melee: Unarmed           ||     6
Throw: Boomerang         ||     5
  Use: Scroll            ||     1
       Potion            ||     1
Armor: Leather armour    ||    10
Dodge: Dodged            ||     9

Table legend: (Time is in decaauts)
 A = Elapsed time spent in this place.
 B = Non-inter-level travel time spent in this place.
 C = Inter-level travel time spent in this place.
 D = Time resting spent in this place.
 E = Time spent auto-exploring this place.
 F = Levels seen in this place.
 G = Mean time per level.
                   A        B        C        D        E       F      G
               +--------+--------+--------+--------+--------+-----+--------+
         Total |     56 |     56 |      0 |      0 |      9 |   1 |   56.0 |
       Dungeon |     56 |     56 |      0 |      0 |      9 |   1 |   56.0 |
               +--------+--------+--------+--------+--------+-----+--------+

Top non-repeatable levels by time:
     D:1: 56 daAuts
